TOP OF THE 1ST |
University of Conneticut Huskies batting - Pitching for University of Southern California Trojans : RHP Steve Depre
|
Pitching: RHP Steve Depre
|
|
Batting: RHB Jordan Nicholas
|
0-0: Ball 1-0: Foul Ball, location: 2F 1-1: Ball 2-1: Fly out, F8 (Line Drive, 89M, EV 88.1 MPH)
|
Batting: LHB Matt Reed
|
0-0: Ball 1-0: Foul Ball, location: 2F 1-1: Called Strike 1-2: DOUBLE (Flyball, 8LD, EV 99.4 MPH)
|
Batting: RHB Jai De san miguel
|
0-0: Called Strike 0-1: Swinging Strike 0-2: Ball 1-2: Reached on error, E5 (Groundball, 56S, EV 74.4 MPH) Matt Reed scores
|
Batting: RHB Phil Hilton
|
0-0: Swinging Strike 0-1: Ball 1-1: Foul Ball, location: 2F 1-2: Strikes out swinging
|
Batting: RHB Victor Ramos
|
0-0: Ball 1-0: Ball 2-0: Foul Ball, location: 2F 2-1: Called Strike 2-2: Strikes out looking
|
Top of the 1st over - 1 run, 1 hit, 1 error, 1 left on base; University of Conneticut 1 - University of Southern California 0 |
BOTTOM OF THE 1ST |
University of Southern California Trojans batting - Pitching for University of Conneticut Huskies : RHP Huo-tu Huo
|
Pitching: RHP Huo-tu Huo
|
|
Batting: LHB Alonzo Catalan
|
0-0: Ball 1-0: Ball 2-0: Ball 3-0: Called Strike 3-1: Base on Balls
|
Batting: RHB Liangde Zhou
|
0-0: Ball Passed Ball! Alonzo Catalan to second 1-0: Swinging Strike 1-1: Ball 2-1: Foul Ball, location: 2F 2-2: Foul Ball, location: 2F 2-2: Fly out, F7 (Flyball, 7D, EV 100.0 MPH)
|
Batting: RHB Eric Baker
|
0-0: Called Strike Alonzo Catalan steals 3rd base 0-1: Ball 1-1: Foul Ball, location: 2F 1-2: Ball 2-2: Ball 3-2: Base on Balls
|
Batting: LHB John Rumbolt
|
0-0: Swinging Strike 0-1: Ball 1-1: Foul Ball, location: 2F 1-2: Ball 2-2: Grounds into double play, 4-6-3 (Groundball, 4, EV 84.4 MPH)
|
Bottom of the 1st over - 0 runs, 0 hits, 0 errors, 1 left on base; University of Conneticut 1 - University of Southern California 0 |
TOP OF THE 2ND |
University of Conneticut Huskies batting - Pitching for University of Southern California Trojans : RHP Steve Depre
|
Batting: LHB Omar Alba
|
0-0: Ball 1-0: Swinging Strike 1-1: SINGLE (Groundball, 3D, EV 101.9 MPH)
|
Batting: RHB Matthew Lanford
|
0-0: Called Strike 0-1: Ball 1-1: Swinging Strike 1-2: Ball 2-2: Ball 3-2: Base on Balls Omar Alba to second
|
Batting: RHB Charlie Slayback
|
0-0: Ball 1-0: Fly out, F8 (Line Drive, 8LM, EV 111.2 MPH)
|
Batting: RHB Lee Wilbur
|
0-0: Ball 1-0: Ball Omar Alba is caught stealing 3rd base 2-5 2-0: Ball 3-0: Called Strike 3-1: Foul Ball, location: 2F 3-2: Foul Ball, location: 2F 3-2: Foul Ball, location: 2F 3-2: Strikes out swinging, 2-3 out at first.
|
Top of the 2nd over - 0 runs, 1 hit, 0 errors, 1 left on base; University of Conneticut 1 - University of Southern California 0 |
BOTTOM OF THE 2ND |
University of Southern California Trojans batting - Pitching for University of Conneticut Huskies : RHP Huo-tu Huo
|
Batting: RHB John Sandberg
|
0-0: Ball 1-0: Ball 2-0: Foul Ball, location: 2F 2-1: Fly out, F7 (Flyball, 78M, EV 93.1 MPH)
|
Batting: LHB Justin Veirs
|
0-0: Ball 1-0: Called Strike 1-1: Fly out, F7 (Flyball, 78S, EV 91.2 MPH)
|
Batting: RHB Jim Baltazar
|
0-0: Ball 1-0: Called Strike 1-1: Called Strike 1-2: Strikes out swinging
|
Bottom of the 2nd over - 0 runs, 0 hits, 0 errors, 0 left on base; University of Conneticut 1 - University of Southern California 0 |
TOP OF THE 3RD |
University of Conneticut Huskies batting - Pitching for University of Southern California Trojans : RHP Steve Depre
|
Batting: RHB Jordan Nicholas
|
0-0: Called Strike 0-1: Swinging Strike 0-2: Fly out, F7 (Flyball, 7LD, EV 91.2 MPH)
|
Batting: LHB Matt Reed
|
0-0: Swinging Strike 0-1: Ball 1-1: Foul Ball, location: 2F 1-2: Ball 2-2: Fly out, F9 (Flyball, 89S, EV 93.1 MPH)
|
Batting: RHB Jai De san miguel
|
0-0: Ball 1-0: Called Strike 1-1: Called Strike 1-2: Strikes out swinging
|
Top of the 3rd over - 0 runs, 0 hits, 0 errors, 0 left on base; University of Conneticut 1 - University of Southern California 0 |
BOTTOM OF THE 3RD |
University of Southern California Trojans batting - Pitching for University of Conneticut Huskies : RHP Huo-tu Huo
|
Batting: RHB Jochen Schanz
|
0-0: Ground out 5-3 (Groundball, 56S, EV 75.0 MPH)
|
Batting: RHB Tri Kartini
|
0-0: Swinging Strike 0-1: Swinging Strike 0-2: Ball 1-2: Ground out U3 (Groundball, 3, EV 81.2 MPH)
|
Batting: LHB Alonzo Catalan
|
0-0: Ball 1-0: Called Strike 1-1: Ground out 4-3 (Groundball, 4, EV 84.4 MPH)
|
Bottom of the 3rd over - 0 runs, 0 hits, 0 errors, 0 left on base; University of Conneticut 1 - University of Southern California 0 |
TOP OF THE 4TH |
University of Conneticut Huskies batting - Pitching for University of Southern California Trojans : RHP Steve Depre
|
Batting: RHB Phil Hilton
|
0-0: Foul Ball, location: 2F 0-1: Foul Ball, location: 2F 0-2: Ball 1-2: DOUBLE (Line Drive, 7LD, EV 109.4 MPH)
|
Batting: RHB Victor Ramos
|
0-0: Swinging Strike 0-1: Ball 1-1: Ball 2-1: Fly out, F8 (Flyball, 89M, EV 84.4 MPH)
|
Batting: LHB Omar Alba
|
0-0: Fly out, F8 (Flyball, 89S, EV 99.4 MPH)
|
Batting: RHB Matthew Lanford
|
0-0: Ball 1-0: Swinging Strike 1-1: Foul Ball, location: 2F 1-2: Foul Ball, location: 2F 1-2: Foul Ball, location: 2F 1-2: Foul Ball, location: 2F 1-2: Ground out 1-3 (Groundball, 25, EV 73.8 MPH)
|
Top of the 4th over - 0 runs, 1 hit, 0 errors, 1 left on base; University of Conneticut 1 - University of Southern California 0 |
BOTTOM OF THE 4TH |
University of Southern California Trojans batting - Pitching for University of Conneticut Huskies : RHP Huo-tu Huo
|
Batting: RHB Liangde Zhou
|
0-0: Ball 1-0: Called Strike 1-1: Foul Ball, location: 2F 1-2: Ball 2-2: Foul Ball, location: 2F 2-2: Foul Ball, location: 2F 2-2: Foul Ball, location: 2F 2-2: SINGLE (Groundball, 6MD, EV 106.2 MPH)
|
Batting: RHB Eric Baker
|
0-0: Ball Liangde Zhou steals 2nd, throwing error, E2 Liangde Zhou to third 1-0: Foul Ball, location: 2F 1-1: Ball 2-1: Ball 3-1: Ground out 5-3 (Groundball, 56S, EV 83.8 MPH) Liangde Zhou scores
|
Batting: LHB John Rumbolt
|
0-0: Foul Ball, location: 2F 0-1: Ball 1-1: Ball 2-1: Called Strike 2-2: Ball 3-2: Base on Balls
|
Batting: RHB John Sandberg
|
0-0: Called Strike John Rumbolt is caught stealing 2nd base 2-4 0-1: SINGLE (Groundball, 4M, EV 105.6 MPH)
|
Batting: LHB Justin Veirs
|
0-0: SINGLE (Groundball, 34, EV 98.1 MPH) John Sandberg to second Runner from 2nd tries for 3rd, SAFE, throw by RF made to third Justin Veirs to second
|
Batting: RHB Jim Baltazar
|
0-0: Foul Ball, location: 2F 0-1: Ball 1-1: Ball 2-1: Foul Ball, location: 2F 2-2: Foul Ball, location: 2F 2-2: Strikes out swinging
|
Bottom of the 4th over - 1 run, 3 hits, 1 error, 2 left on base; University of Conneticut 1 - University of Southern California 1 |
TOP OF THE 5TH |
University of Conneticut Huskies batting - Pitching for University of Southern California Trojans : RHP Steve Depre
|
Batting: RHB Charlie Slayback
|
0-0: Called Strike 0-1: Swinging Strike 0-2: Strikes out swinging
|
Batting: RHB Lee Wilbur
|
0-0: Called Strike 0-1: Called Strike 0-2: Ball 1-2: Foul Ball, location: 2F 1-2: Strikes out looking
|
Batting: RHB Jordan Nicholas
|
0-0: Ball 1-0: Called Strike 1-1: Foul Ball, location: 2F 1-2: Strikes out swinging
|
Top of the 5th over - 0 runs, 0 hits, 0 errors, 0 left on base; University of Conneticut 1 - University of Southern California 1 |
BOTTOM OF THE 5TH |
University of Southern California Trojans batting - Pitching for University of Conneticut Huskies : RHP Huo-tu Huo
|
Batting: RHB Jochen Schanz
|
0-0: Ball 1-0: Fly out, F9 (Flyball, 89S, EV 89.4 MPH)
|
Batting: RHB Tri Kartini
|
0-0: Ball 1-0: Ball 2-0: SINGLE (Groundball, 56, EV 96.9 MPH)
|
Batting: LHB Alonzo Catalan
|
0-0: Ball 1-0: Ball 2-0: Foul Ball, location: 2F 2-1: DOUBLE (Line Drive, 78D, EV 100.0 MPH) Tri Kartini to third
|
Batting: RHB Liangde Zhou
|
0-0: Ball 1-0: SINGLE (Line Drive, 9LS, EV 94.4 MPH) Tri Kartini scores Alonzo Catalan to third Runner from 3rd tries for Home, SAFE, throw by RF to home Liangde Zhou to second
|
Batting: RHB Eric Baker
|
0-0: Foul Ball, location: 2F 0-1: Ball 1-1: Ball 2-1: Ball 3-1: Base on Balls
|
Batting: LHB John Rumbolt
|
0-0: Called Strike Liangde Zhou steals 3rd base 0-1: Ball 1-1: Foul Ball, location: 2F 1-2: Ball 2-2: Ball 3-2: SINGLE (Flyball, 6MD, EV 88.1 MPH) Liangde Zhou scores Eric Baker to second
|
Batting: RHB John Sandberg
|
0-0: Grounds into double play, 6-4-3 (Groundball, 6, EV 88.8 MPH)
|
Bottom of the 5th over - 3 runs, 4 hits, 0 errors, 1 left on base; University of Conneticut 1 - University of Southern California 4 |
TOP OF THE 6TH |
University of Conneticut Huskies batting - Pitching for University of Southern California Trojans : RHP Steve Depre
|
Pitching: LHP Eric Rosenstein
|
|
Batting: LHB Matt Reed
|
0-0: Ball 1-0: Called Strike 1-1: Swinging Strike 1-2: Ball 2-2: Strikes out looking
|
Batting: RHB Jai De san miguel
|
0-0: Foul Ball, location: 2F 0-1: Called Strike 0-2: Ball 1-2: Fly out, F9 (Flyball, 9, EV 81.9 MPH)
|
Batting: RHB Phil Hilton
|
0-0: Called Strike 0-1: Called Strike 0-2: Ball 1-2: Foul Ball, location: 2F 1-2: Strikes out looking
|
Top of the 6th over - 0 runs, 0 hits, 0 errors, 0 left on base; University of Conneticut 1 - University of Southern California 4 |
BOTTOM OF THE 6TH |
University of Southern California Trojans batting - Pitching for University of Conneticut Huskies : RHP Huo-tu Huo
|
Batting: LHB Justin Veirs
|
0-0: Ball 1-0: Ball 2-0: Called Strike 2-1: Ball 3-1: Swinging Strike 3-2: Foul Ball, location: 2F 3-2: Ground out 4-3 (Groundball, 4M, EV 93.8 MPH)
|
Batting: RHB Jim Baltazar
|
0-0: Ball 1-0: Ground out 4-3 (Groundball, 4, EV 101.2 MPH)
|
Batting: RHB Jochen Schanz
|
0-0: Called Strike 0-1: Ball 1-1: Ground out 6-3 (Groundball, 6, EV 106.2 MPH)
|
Bottom of the 6th over - 0 runs, 0 hits, 0 errors, 0 left on base; University of Conneticut 1 - University of Southern California 4 |
TOP OF THE 7TH |
University of Conneticut Huskies batting - Pitching for University of Southern California Trojans : LHP Eric Rosenstein
|
Batting: RHB Victor Ramos
|
0-0: Ball 1-0: Ball 2-0: Ball 3-0: Called Strike 3-1: Swinging Strike 3-2: Foul Ball, location: 2F 3-2: Ground out U3 (Groundball, 34, EV 86.2 MPH)
|
Batting: LHB Omar Alba
|
0-0: Ball 1-0: Called Strike 1-1: Swinging Strike 1-2: Fly out, F8 (Line Drive, 78M, EV 89.4 MPH)
|
Batting: RHB Matthew Lanford
|
0-0: Called Strike 0-1: Called Strike 0-2: Ball 1-2: Strikes out looking
|
Top of the 7th over - 0 runs, 0 hits, 0 errors, 0 left on base; University of Conneticut 1 - University of Southern California 4 |
BOTTOM OF THE 7TH |
University of Southern California Trojans batting - Pitching for University of Conneticut Huskies : RHP Huo-tu Huo
|
Pitching: LHP Marvin Lopez
|
|
Batting: RHB Tri Kartini
|
0-0: Called Strike 0-1: Ball 1-1: Foul Ball, location: 2F 1-2: Strikes out swinging
|
Batting: LHB Alonzo Catalan
|
0-0: Ball 1-0: Ball 2-0: Ball 3-0: Called Strike 3-1: Ground out 4-3 (Groundball, 34D, EV 91.9 MPH)
|
Batting: RHB Liangde Zhou
|
0-0: Ball 1-0: Called Strike 1-1: Ground out 6-3 (Groundball, 6S, EV 69.4 MPH)
|
Bottom of the 7th over - 0 runs, 0 hits, 0 errors, 0 left on base; University of Conneticut 1 - University of Southern California 4 |
TOP OF THE 8TH |
University of Conneticut Huskies batting - Pitching for University of Southern California Trojans : LHP Eric Rosenstein
|
Batting: RHB Charlie Slayback
|
0-0: Swinging Strike 0-1: Ball 1-1: Foul Ball, location: 2F 1-2: Ball 2-2: Strikes out swinging, 2-3 out at first.
|
Batting: RHB Lee Wilbur
|
0-0: Called Strike 0-1: Swinging Strike 0-2: Ball 1-2: Strikes out swinging
|
Batting: RHB Jordan Nicholas
|
0-0: Swinging Strike 0-1: Ball 1-1: Swinging Strike 1-2: Ball 2-2: Foul Ball, location: 2F 2-2: Strikes out looking
|
Top of the 8th over - 0 runs, 0 hits, 0 errors, 0 left on base; University of Conneticut 1 - University of Southern California 4 |
BOTTOM OF THE 8TH |
University of Southern California Trojans batting - Pitching for University of Conneticut Huskies : LHP Marvin Lopez
|
Batting: RHB Eric Baker
|
0-0: Foul Ball, location: 2F 0-1: Ball 1-1: Foul Ball, location: 2F 1-2: Ball 2-2: Fly out, F8 (Flyball, 8RXD, EV 92.5 MPH)
|
Batting: LHB John Rumbolt
|
0-0: Called Strike 0-1: Called Strike 0-2: Ball 1-2: Ball 2-2: Strikes out swinging
|
Batting: RHB John Sandberg
|
0-0: Called Strike 0-1: Foul Ball, location: 2F 0-2: Ball 1-2: Ball 2-2: Strikes out swinging
|
Bottom of the 8th over - 0 runs, 0 hits, 0 errors, 0 left on base; University of Conneticut 1 - University of Southern California 4 |
TOP OF THE 9TH |
University of Conneticut Huskies batting - Pitching for University of Southern California Trojans : LHP Eric Rosenstein
|
Pitching: LHP Cal Blashill
|
|
Pinch Hitting: RHB Roku Kawano
|
0-0: Ball 1-0: Foul Ball, location: 2F 1-1: Ball 2-1: Foul Ball, location: 2F 2-2: Ball 3-2: Ground out 4-3 (Groundball, 4, EV 100.0 MPH)
|
Batting: RHB Jai De san miguel
|
0-0: Fly out, F4 (Popup, 3D, EV 50.6 MPH)
|
Batting: RHB Phil Hilton
|
0-0: Called Strike 0-1: Ball 1-1: Called Strike 1-2: Fly out, F7 (Flyball, 7S, EV 76.2 MPH)
|
Top of the 9th over - 0 runs, 0 hits, 0 errors, 0 left on base; University of Conneticut 1 - University of Southern California 4 |
|